 Dungeon Crawl Stone Soup version 0.22.1-2-g9c5b331 (webtiles) character file.

54503 Fang the Severer (level 14, -8/94 HPs)
             Began as a Gargoyle Berserker on Dec 5, 2018.
             Was a High Priest of Trog.
             Killed by divine providence
             ... invoked by a meliai
              (11 damage)
             ... on level 13 of the Dungeon on Dec 6, 2018.
             The game lasted 00:32:55 (17773 turns).

Fang the Severer (Gargoyle Berserker)              Turns: 17773, Time: 00:32:55

Health: -8/94      AC: 40    Str: 24    XL:     14   Next: 73%
Magic:  14/14      EV: 10    Int: 10    God:    Trog [*****.]
Gold:   1330       SH:  0    Dex: 14    Spells: 13/13 levels left

rFire    . . .     SeeInvis .   F - +2 battleaxe (vamp)
rCold    . . .     Gourm    +   (shield currently unavailable)
rNeg     + . .     Faith    .   G - +3 plate armour
rPois    ∞         Spirit   .   (no helmet)
rElec    +         Reflect  .   m - +1 cloak {rPois}
rCorr    .         Harm     .   a - +3 pair of gauntlets of War {Slay+5}
MR       +....                  M - +1 pair of boots
Stlth    ..........             x - amulet of the gourmand
HPRegen  0.25/turn              A - +5 ring of dexterity
MPRegen  0.14/turn              C - +3 ring of protection

@: flying
A: big wings, claws 1, negative energy resistance 1, sense surroundings 1,
electricity resistance, unbreathing, petrification resistance, rot immunity, AC
+10
a: Stop Flying, Berserk, Trog's Hand, Brothers in Arms, Renounce Religion


You were on level 13 of the Dungeon.
You worshipped Trog.
Trog was extremely pleased with you.
You were very full.

You visited 3 branches of the dungeon, and saw 20 of its levels.

You collected 1330 gold pieces.

Inventory:

Hand Weapons
 u - a +9 antimagic executioner's axe
 v - a +0 hand axe of freezing
 F - a +2 vampiric battleaxe (weapon)
 L - a +5 war axe
 N - a +0 battleaxe of draining
Armour
 a - the +3 pair of gauntlets of War (worn) {Slay+5}
   (You found it on level 4 of the Dungeon)

   It affects your accuracy and damage with ranged weapons and melee attacks
   (+5).
 m - a +1 cloak of poison resistance (worn)
 t - a +0 leather armour of magic resistance
 G - a +3 plate armour (worn)
 M - a +1 pair of boots (worn)
Jewellery
 w - an uncursed ring of stealth
 x - an amulet of the gourmand (around neck)
 A - a +5 ring of dexterity (left hand)
 C - a +3 ring of protection (right hand)
Wands
 e - a wand of flame (161)
 h - a wand of acid (9)
 q - a wand of polymorph (8)
 y - a wand of random effects (58)
 D - a wand of clouds (10)
 E - a wand of paralysis (25)
 J - a wand of digging (16)
 O - a wand of iceblast (5)
Scrolls
 d - 5 scrolls of identify
 f - 5 scrolls of fog
 l - 5 scrolls of remove curse
 n - 3 scrolls of blinking
 o - a scroll of magic mapping
 r - 14 scrolls of teleportation
 s - a scroll of summoning
 P - a scroll of enchant armour
Potions
 b - 5 potions of agility
 g - 2 potions of berserk rage
 i - 4 potions of heal wounds
 j - a potion of lignification
 k - 3 potions of curing
 p - 2 potions of brilliance
 z - a potion of haste
 B - 4 potions of cancellation
 H - 4 potions of might
 I - 3 potions of flight
 K - 3 potions of invisibility
 Q - 2 potions of magic
Comestibles
 c - 24 rations


   Skills:
 + Level 13.1 Fighting
 + Level 17.1 Axes
 + Level 10.0 Armour
 + Level 5.4 Dodging
 + Level 3.4 Stealth


You had 13 spell levels left.
You didn't know any spells.
Your spell library was empty.

Dungeon Overview and Level Annotations

Branches:
Dungeon (13/15)            Temple (1/1) D:6            Lair (6/6) D:8
 Shoals (0/4) Lair:2        Snake (0/4) Lair:2        Slime (0/5) Lair:6
    Orc (0/2) D:11
 Vaults: D:13-14

Altars:
Dithmenos
Hepliaklqana
Makhleb
Nemelex Xobeh
Ru
Trog
Vehumet
The Shining One

Shops:
D:7 ?   D:11 [

Annotations:
Lair:3 exclusion: oklob plant


Innate Abilities, Weirdness & Mutations

You are resistant to torment.
Your stone body is resilient. (AC +10)
You are immune to poison.
Your large and strong wings let you fly indefinitely.
You resist negative energy. (rN+)
You are resistant to electric shocks. (rElec)
You can survive without breathing.
You are immune to petrification.
You are immune to rotting.
You have sharp fingernails.
You passively map a small area around you.


Message History

The meliai barely misses you.
The meliai hits your ogre with a war axe of venom!
Your ogre looks as sick as possible!
The meliai stings you but does no damage.
The tengu warrior hits your ogre with a long sword!
Your ogre dies!
Your ogre's corpse disappears in a puff of smoke!
The meliai calls down the wrath of its god upon you.
Something smites you! The meliai hits you but does no damage.
The meliai stings you.
Unknown command.
The meliai invokes the aid of its god against you.
Something smites you!
* * * LOW HITPOINT WARNING * * *
The meliai mumbles some strange prayers to its god against you.
Something smites you!
* * * LOW HITPOINT WARNING * * *
The meliai calls down the wrath of its god upon you.
Something smites you!
You die...

#.####≈#...#...#≈ * .#,
#...#≈#...#...#≈# #.#....
###.≈#...#≈#.#≈####.......,
#####.#≈#.#≈#≈#.#≈..........,
..:.#)##≈#.#≈#..!#≈........
.##))((≈#...#...#≈.......#,
#..)))≈#...#...#≈.......# ,,
#(###≈#...#≈#.#≈.%###.y.##..
#.###.≈..#≈#≈#≈.@yy.Q.......
#.##...≈#≈##)≈)...#####.?...
.(.#.##.≈###)#)...# ***#.# *
#..#.##.## #)##.#.# *, , ,
#(.......# #......#* * ##
.....###.# ####.... .##.#.
##.#.###(########### .#....>
##.#.#(...(()).######......##
...#.#.#.###))..............#
*


You could see a tengu warrior and 3 meliai.

Vanquished Creatures
  A dire elephant (Lair:6)
  5 hydras
  3 centaur warriors (D:13)
  Erica (Lair:1)
  2 two-headed ogres
  A catoblepas (Lair:6)
  3 death yaks (Lair:6)
  The ghost of roflc0ptic the Skirmisher, a novice DrTm of Sif Muna (D:8)
  2 lindwurms (Lair:6)
  3 ugly things
  2 cyclopes
  4 manticores
  3 elephants
  2 centaur zombies
  Maurice (D:8)
  6 black mambas
  A torpor snail (Lair:6)
  2 gargoyles
  3 kobold demonologists
  2 komodo dragons
  15 spiny frogs
  A rime drake (Lair:6)
  A freezing wraith (D:8)
  8 blink frogs
  6 slime creatures
  14 hippogriffs
  2 dream sheep (Lair:6)
  A shadow (D:13)
  3 wyverns
  4 wraiths
  44 yaks
  A vampire (D:13)
  A water elemental (D:13)
  3 basilisks
  2 hungry ghosts
  8 water moccasins
  A soldier ant (D:12)
  6 porcupines
  2 black bears (D:8)
  11 ice beasts
  8 orc warriors
  6 sky beasts
  A necrophage (D:11)
  2 phantoms
  7 ogres
  An eye of draining (D:10)
  A wolf (Lair:6)
  13 centaurs
  15 crocodiles
  5 big kobolds
  16 bullfrogs
  2 wyvern zombies
  A water moccasin skeleton (D:12)
  2 scorpions
  4 killer bees (D:9)
  3 wights (D:9)
  2 electric eels
  2 howler monkeys
  5 crimson imps
  10 hounds
  3 quasits (D:5)
  2 bullfrog zombies
  Crazy Yiuf (D:2)
  8 jellies
  3 bullfrog skeletons
  8 orc priests
  4 centaur skeletons
  14 orc wizards
  Ijyb (D:5)
  9 worker ants
  A killer bee zombie (D:6)
  2 hound zombies
  A hound skeleton (D:6)
  A worker ant zombie (D:5)
  Robin (D:2)
  7 gnolls
  12 adders
  5 shadow imps
  3 oozes
  An adder skeleton (D:8)
  2 worms
  2 dart slugs (D:1)
  13 leopard geckos
  65 orcs
  5 giant cockroaches
  14 goblins
  12 hobgoblins
  8 jackals
  28 kobolds
  5 quokkas
  A ball python (D:3)
  7 bats
  6 frilled lizards
  A jackal skeleton (D:6)
  A leopard gecko skeleton (D:5)
  6 rats
  4 fungi
  3 plants
558 creatures vanquished.

Vanquished Creatures (collateral kills)
  3 hydras
  6 elephants (Lair:4)
  A torpor snail (Lair:6)
  The ghost of Inf1d3l the Shield-Bearer, an amateur GrFi of Makhleb (D:5)
  4 yaks (Lair:6)
  A basilisk (Lair:4)
16 creatures vanquished.

Vanquished Creatures (others)
  A fungus (Lair:6)
  3 plants
4 creatures vanquished.

Grand Total: 578 creatures vanquished

Notes
Turn   | Place    | Note
-------+----------+-------------------------------------------
     0 | D:1      | Fang the Gargoyle Berserker began the quest for the Orb.
     0 | D:1      | Reached XP level 1. HP: 14/14 MP: 1/1
    88 | D:1      | Reached XP level 2. HP: 15/19 MP: 2/2
   290 | D:1      | Reached skill level 3 in Axes
   351 | D:1      | Reached XP level 3. HP: 16/24 MP: 3/3
   377 | D:1      | You fall through a shaft!
   447 | D:2      | Reached ** piety under Trog
   624 | D:2      | Noticed Robin
   642 | D:2      | Killed Robin
   642 | D:2      | Reached XP level 4. HP: 16/29 MP: 4/4
  1005 | D:2      | Noticed a sky beast
  1023 | D:2      | Killed a sky beast
  1023 | D:2      | Reached skill level 4 in Axes
  1023 | D:2      | Reached XP level 5. HP: 15/34 MP: 5/5
  1143 | D:2      | Found a runed door.
  1445 | D:2      | Noticed Crazy Yiuf
  1451 | D:2      | Killed Crazy Yiuf
  1451 | D:2      | Reached XP level 6. HP: 39/39 MP: 4/6
  2399 | D:3      | Reached skill level 5 in Fighting
  2410 | D:3      | Found a sacrificial altar of Ru.
  2422 | D:3      | Reached *** piety under Trog
  2641 | D:3      | Reached skill level 5 in Axes
  2897 | D:3      | Reached XP level 7. HP: 44/44 MP: 7/7
  2954 | D:3      | Found a faded altar of an unknown god.
  2954 | D:3      | Found a shadowy altar of Dithmenos.
  2960 | D:3      | Found a sacrificial altar of Ru.
  2962 | D:3      | Found a bloodstained altar of Trog.
  2964 | D:3      | Found a radiant altar of Vehumet.
  3073 | D:4      | Found the +3 pair of gauntlets of War {Slay+5}
  3087 | D:4      | HP: 1/44 [ogre/giant spiked club (22)]
  3089 | D:4      | Reached skill level 1 in Stealth
  4080 | D:4      | Reached skill level 6 in Axes
  4266 | D:4      | Reached **** piety under Trog
  4266 | D:4      | Reached XP level 8. HP: 51/51 MP: 8/8
  4440 | D:5      | Entered Level 5 of the Dungeon
  4610 | D:5      | Found a transporter.
  4613 | D:5      | Noticed Inf1d3l's ghost (amateur GrFi)
  4622 | D:5      | Found a transporter.
  4631 | D:5      | Noticed Ijyb
  4639 | D:5      | Killed Ijyb
  4697 | D:5      | Reached skill level 7 in Axes
  5340 | D:5      | Killed Inf1d3l's ghost
  5475 | D:6      | Reached skill level 8 in Axes
  5626 | D:6      | Reached XP level 9. HP: 50/56 MP: 9/9
  5907 | D:6      | Found a staircase to the Ecumenical Temple.
  6046 | D:6      | Reached ***** piety under Trog
  6219 | Temple   | Entered the Ecumenical Temple
  6422 | D:6      | Found a hazy altar of Hepliaklqana.
  6595 | D:7      | Reached skill level 9 in Axes
  7117 | D:7      | Found Qipod's Magic Scroll Shoppe.
  7228 | D:7      | You fall through a shaft for 3 floors!
  7228 | D:10     | Entered Level 10 of the Dungeon
  7258 | D:10     | Reached skill level 10 in Axes
  7258 | D:10     | Reached XP level 10. HP: 63/63 MP: 10/10
  8179 | D:9      | Found a shadowy altar of Dithmenos.
  8196 | D:9      | Reached skill level 11 in Axes
  8244 | D:9      | Noticed a manticore
  8260 | D:9      | Killed a manticore
  8260 | D:9      | Reached skill level 5 in Armour
  8582 | D:9      | Received a gift from Trog
  8673 | D:9      | Reached XP level 11. HP: 69/69 MP: 11/11
  8883 | D:8      | Noticed Maurice
  8970 | D:8      | Noticed a purple ugly thing
  8974 | D:8      | Found a large runed door.
  8984 | D:8      | Killed a purple ugly thing
  8994 | D:8      | Found a large runed door.
  9099 | D:8      | Found a staircase to the Lair.
  9109 | D:8      | Reached skill level 12 in Axes
  9113 | D:8      | Killed Maurice
  9246 | D:8      | Found a runed gate.
  9248 | D:8      | Found a runed gate.
  9249 | D:8      | Found a runed gate.
  9256 | D:8      | Noticed roflc0ptic's ghost (novice DrTm)
  9745 | Lair:1   | Entered Level 1 of the Lair of Beasts
  9758 | Lair:1   | Found a burning altar of Makhleb.
  9772 | Lair:1   | Gained mutation: You have sharp fingernails. [potion of
                  | mutation]
  9772 | Lair:1   | Gained mutation: You passively map a small area around you.
                  | [potion of mutation]
  9802 | Lair:1   | Noticed Erica
  9812 | Lair:1   | Killed Erica
 10057 | Lair:1   | Reached skill level 10 in Fighting
 10218 | Lair:1   | Reached skill level 13 in Axes
 10425 | Lair:2   | Found a frozen archway.
 10488 | Lair:2   | Reached XP level 12. HP: 59/77 MP: 12/12
 10661 | Lair:2   | Found a staircase to the Shoals.
 10958 | Lair:2   | Found a staircase to the Snake Pit.
 11284 | Lair:3   | Received a gift from Trog
 11636 | Lair:3   | Found a dark tunnel.
 11836 | Lair:4   | Noticed a four-headed hydra
 11849 | Lair:4   | Killed a six-headed hydra
 12056 | Lair:4   | Reached skill level 14 in Axes
 13191 | Lair:5   | Reached XP level 13. HP: 71/84 MP: 4/13
 13195 | Lair:5   | Reached skill level 5 in Dodging
 13728 | Lair:6   | Entered Level 6 of the Lair of Beasts
 13846 | Lair:6   | Reached skill level 15 in Axes
 13850 | Lair:6   | Found a staircase to the Slime Pits.
 14006 | Lair:6   | Received a gift from Trog
 14479 | Lair:6   | Noticed a dire elephant
 14493 | Lair:6   | Killed a dire elephant
 15069 | Lair:6   | Reached skill level 16 in Axes
 15562 | D:8      | Found a glowing golden altar of the Shining One.
 15710 | D:8      | Found a sparkling altar of Nemelex Xobeh.
 15799 | D:8      | Killed roflc0ptic's ghost
 15873 | D:11     | Found Looraopp's Armour Shoppe.
 15873 | D:11     | Found a staircase to the Orcish Mines.
 15887 | D:11     | Gained mutation: Your large and strong wings let you fly
                  | indefinitely. [Gargoyle growth]
 15887 | D:11     | Reached XP level 14. HP: 92/92 MP: 14/14
 17549 | D:13     | Reached skill level 17 in Axes
 17672 | D:13     | Reached skill level 10 in Armour
 17736 | D:13     | Reached ****** piety under Trog
 17753 | D:13     | Received a gift from Trog
 17773 | D:13     | HP: 3/94 [meliai/divine providence (12)]
 17773 | D:13     | Killed from afar by a meliai

Skill      XL: |  1  2  3  4  5  6  7  8  9 10 11 12 13 14 |
---------------+-------------------------------------------+-----
Axes           | 3 4 5 6 8 10 11 13 14 16 17 | 17.1
Fighting       | 4 5 6 7 8 10 11 12 13 | 13.1
Dodging        | 2 3 4 5 |  5.4
Stealth        | 1 2 3 |  3.4
Armour         | 3 5 6 7 9 10 | 10.0

Action                   |  1- 3 |  4- 6 |  7- 9 | 10-12 | 13-15 || total
-------------------------+-------+-------+-------+-------+-------++-------
Melee: Hand axe          |   105 |   181 |     5 |       |       ||   291
       War axe           |       |       |   246 |   388 |       ||   634
       Executioner's axe |       |       |       |    90 |    59 ||   149
       Battleaxe         |       |       |       |       |   433 ||   433
Invok: Berserk           |     1 |     5 |     5 |     3 |     8 ||    22
       Brothers in Arms  |       |       |     1 |     2 |     6 ||     9
 Abil: Fly               |       |       |       |       |     1 ||     1
  Use: Scroll            |       |       |       |    31 |     2 ||    33
       Potion            |       |       |       |     1 |     2 ||     3
 Stab: Sleeping          |       |     1 |     2 |       |       ||     3
       Distracted        |       |       |       |       |     1 ||     1
  Eat: Chunk             |       |     8 |     7 |    29 |    28 ||    72
       Ration            |       |     1 |     3 |     2 |       ||     6
Armor: Animal skin       |    30 |    47 |       |       |       ||    77
       Leather armour    |       |    24 |   122 |       |       ||   146
       Plate armour      |       |       |    17 |   473 |   561 ||  1051
Dodge: Dodged            |    73 |   124 |   188 |   255 |   307 ||   947
